← All builds
Tech / Armada / Economy first / OBSERVED BUILD

Standard tech

Armada Tech (Eco) build order · Supreme Isthmus

Rushes T2 by 4:15, gets Advanced Metal Extractor around 5:28, hands off T2 constructors to Geo and the team, then scales eco and supplies the team's T2 needs through the rest of the game.

Usually first T2 con to Geo (83%)

#eco #t2 #team support · 1593 distinct matches · 254 players · 60% of Armada Tech games · team won 54% of 1902 · Recently observed

HOW TO PLAY IT

Key timing: T2 factory by 4:15

  1. Open 3 mex and heavy wind to fund a fast T2 rush.
  2. Put down Bot Lab, planning to eat it for reclaim soon after.
  3. Get Advanced Bot Lab up, hitting the T2 factory rush timing.
  4. Upgrade mex to Advanced Metal Extractor to lock in team metal income.
  5. Eat Advanced Bot Lab and keep sending cons to Geo and Pond.

Phase by phase

TYPICAL OF ITS 1593 GAMES
  1. 1
  2. 2
  3. 3
  4. 4
PLAY THE OPENING

Follow the example game's first 6:00 step by step: what to build now, what comes next, and where it goes. At 1× it keeps pace with your own game.

  1. 1

    Up to the Bot Lab

    Economy
    • Metal Extractor3Mex
    • Wind Turbine4Wind
    Order
    1. Bot LabBot Lab after 3 mex, 4 winddone ~1:18, middle half 1:13–1:32

    Some games also: energy storage (31%)

    By 1:01 in all: 3 mex · 4 wind

    The example game in this phase · 3 steps
    1. Mex ×3
    2. Wind ×3
    3. Bot LabBot Labdone 1:09 · typical 1:18
  2. 2

    Bot Lab to Advanced Bot Lab

    Economy
    • Metal Extractor1Mex
    • Wind Turbine8Wind
    • Energy Storage1Energy storage
    Order
    1. Advanced Bot LabAdvanced Bot Lab after 4 mex, 12 wind, 3 con turretdone ~4:16, middle half 4:04–4:30
    Builders
    • Construction Turret3 Con turret
    • Lazarus3 Lazarus
    • Construction Bot2 Con bot
    • Construction Bot1 Con bot for allies

    Some games also: converter (36%)

    By 3:19 in all: 4 mex · 12 wind · 1 energy storage · 3 con turret

    The example game in this phase · 17 steps
    1. Wind
    2. LazarusLazarus
    3. Wind
    4. Construction BotCon bot
    5. Wind ×2
    6. Construction BotCon botfor Air
    7. Wind
    8. LazarusLazarus
    9. Wind
    10. Con turret
    11. Wind
    12. Energy storage
    13. Mex
    14. Wind ×2
    15. Con turret
    16. Wind
    17. Advanced Bot LabAdvanced Bot Labdone 4:01 · typical 4:16
  3. 3

    Advanced Bot Lab to 5:00

    Economy
    • Wind Turbine3Wind
    Order
    1. Bot LabEat Bot Lab
    Builders
    • Advanced Construction Bot1 T2 con bot for allies

    Some games also: converter (35%)

    By 5:00 in all: 4 mex · 15 wind · 1 converter · 1 energy storage · 3 con turret

    The example game in this phase · 6 steps
    1. Wind ×2
    2. Bot LabEat Bot Labreclaimed for its metal
    3. Advanced Construction BotT2 con botfor Geo
    4. Advanced Metal ExtractorT2 mexdone 4:45 · typical 5:29
    5. Advanced Construction BotT2 con botfor Air
    6. Advanced Metal ExtractorT2 mex
  4. 4

    5:00 to 10:00

    Economy
    • Wind Turbine43Wind
    • Energy Converter6Converter
    Builders
    • Butler9 Butler
    • Advanced Construction Bot4 T2 con bot for allies
    • Advanced Construction Bot1 T2 con bot

    Some games also: con turret (43%) · Butler for allies (37%)

    By 10:00 in all: 4 mex · 58 wind · 8 converter · 1 energy storage · 3 con turret

    The example game in this phase · 214 steps
    1. Advanced Metal ExtractorT2 mex
    2. Advanced Construction BotT2 con botfor Geo sea
    3. ButlerButler ×2
    4. Advanced Metal ExtractorT2 mex
    5. ButlerButler ×2
    6. Advanced Construction BotT2 con botfor Beach sea
    7. Wind ×7
    8. ButlerButlerfor Geo sea
    9. Wind ×4
    10. ButlerButlerfor Geo sea
    11. Wind ×3
    12. Advanced Construction BotT2 con botfor Pond
    13. Wind ×4
    14. ButlerButler
    15. Wind ×2
    16. ButlerButler
    17. Wind ×3
    18. Advanced Construction BotT2 con botfor Suicide front
    19. Wind ×5
    20. ButlerButler
    21. Wind ×2
    22. ButlerButler
    23. Wind
    24. Converter
    25. Wind
    26. ButlerButler
    27. Wind ×2
    28. ButlerButler
    29. Wind
    30. Converter
    31. Wind
    32. ButlerButler
    33. Converter
    34. Wind
    35. ButlerButler
    36. Wind ×2
    37. Converter
    38. Wind
    39. ButlerButler
    40. Wind
    41. Converter
    42. Wind ×2
    43. Converter
    44. Wind ×3
    45. Converter
    46. Wind
    47. ButlerButler
    48. Wind ×2
    49. Converter
    50. Wind ×4
    51. Converter
    52. Wind
    53. Advanced Construction BotT2 con bot
    54. Converter
    55. Wind ×4
    56. Converter
    57. Wind ×3
    58. Converter
    59. Wind ×5
    60. Converter
    61. Wind ×2
    62. Converter
    63. Wind ×3
    64. ButlerButler
    65. Wind
    66. Converter
    67. Wind ×4
    68. Converter
    69. Wind ×3
    70. ButlerButler
    71. Wind ×2
    72. Converter
    73. Wind ×2
    74. Converter
    75. Wind ×4
    76. CitadelAnti-nukedone 12:35
    77. Converter
    78. Con turret
    79. Wind ×3
    80. Converter
    81. Wind ×4
    82. Converter
    83. Wind
    84. FatboyFatboyfor Ponddone 10:48
    85. Con turret
    86. Wind
    87. Converter
    88. Wind ×4
    89. Con turret ×2
    90. Converter
    91. Wind
    92. Converter
    93. Wind ×4
    94. Converter
    95. Wind ×4
    96. Converter
    97. Wind ×5
    98. Converter
    99. Wind ×2
    100. Converter
    101. Wind ×5
    102. Converter
    103. Wind ×3
    104. Advanced Bot LabEat Advanced Bot Labreclaimed for its metal
    105. Wind
    106. Converter
    107. Wind ×4
    108. Converter
    109. Wind ×4
    110. Converter
    111. Wind ×3
    112. Converter
    113. Wind ×4
    114. Metal storage
    115. Converter
    116. Wind ×2
    117. Con turret
    118. Wind ×3
    119. Converter
    120. Con turret
    121. Wind ×3
    122. Converter
    123. Wind
    124. Con turret
    125. Wind ×4
    126. Converter
    127. Wind
    128. Con turret
    129. Wind
    130. Converter
    131. Wind ×4
    132. Converter
    133. Wind ×5
    134. Converter
    135. Wind ×4
    136. Converter
    137. Wind ×3
    138. Converter
    139. Wind ×4
    140. Converter
    141. Wind ×4
    142. Converter
    143. Wind ×5
    144. Converter
    145. TracerTracer
    146. Wind ×4
    147. Converter
    148. Wind ×3
    149. Converter
    150. Wind ×2
    151. Advanced Fusion ReactorAdvanced Fusion Reactornot finished by 15:00
    152. Wind ×3
    153. Converter
    154. Wind ×3
    155. Converter
    156. Wind ×5
    157. Converter
    158. Wind ×4
    159. Converter
    160. Wind ×5
    161. Converter
    162. Wind
    163. Converter
    164. Wind ×4
    165. Converter
    166. Wind
    167. Converter
    168. Wind ×4
    169. Converter
    170. Wind ×3
    171. Converter
    172. Wind
    173. Converter
    174. Wind ×3
    175. Converter
    176. Wind ×4
    177. Converter ×2
    178. Wind
    179. Converter
    180. Wind ×4
    181. Converter
    182. Wind ×2
    183. Converter
    184. Wind
    185. Converter
    186. Wind ×5
    187. Converter ×2
    188. Wind ×3
    189. Converter
    190. Wind ×3
    191. Converter
    192. Wind ×3
    193. Converter ×2
    194. Wind ×5
    195. Converter
    196. Wind ×3
    197. Converter
    198. Wind ×2
    199. Converter
    200. Wind ×3
    201. Converter
    202. Wind ×4
    203. Converter ×2
    204. Wind ×4
    205. Converter
    206. Wind ×3
    207. Converter
    208. Wind
    209. Converter
    210. Wind ×2
    211. Converter
    212. Wind ×4
    213. Converter ×2
    214. Wind ×3

Counts are medians over the build's games: half of them build more, half fewer. The example game is Seddow's (31 OS, 10/08/2026); pick another.

Team trades

IN AT LEAST 30% OF ITS GAMES

You hand over

  • Construction Bot1 Con bot to Airfirst at 2:23 · in 84% of games
  • Advanced Construction Bot5 T2 con bot to Air or Pond or Geo seafirst at 4:50 · in 99% of games
  • Butler2 Butler to Geo sea or Beach sea or Pondfirst at 9:06 · in 42% of games

You get

  • Hercules1 Light transport from Airfirst at 4:01 · in 86% of games

How it plays out

Typical game of this build, running totals by minute

Metal produced

020k40k
0:005:0010:0015:00

metal

Enemy metal destroyed

050100150
0:005:0010:0015:00

metal

Own metal lost

050100150
0:005:0010:0015:00

metal

1902 games.

Show as table
ByMetal produced: This buildEnemy metal destroyed: This buildOwn metal lost: This build
1:0038300
2:0091500
3:00165200
4:00314300
5:00484800
6:00580100
7:00723000
8:00906400
9:001117800
10:001352000
11:001624200
12:001965200
13:002343000
14:0027286074
15:0031512108130
WHAT THE NUMBERS SAY

Standard Tech play barely fights at all early, instead pouring metal into T2 infrastructure and constructors for the team.

  • + Metal produced hits 31679 by 15:00, by far the highest of any role here.
  • + T2 factory reached in 97% of games by 4:15, fastest and most reliable T2 timing.
  • − Enemy metal destroyed stays at 0 through 10:00, no early offense at all.
  • − Own metal lost also near 0, showing total avoidance of combat risk.
THE EXAMPLE YOU ARE READING

Seddow

30.9 OS · 10/08/2026

Open source match ↗

2 received units
5289 metal received · 76109 energy received

Allied construction assistance is unknown. Timings are observations, not a promise of solo reproducibility.

Typical milestones

Bot Lab1:18Middle 50%: 1:13–1:32 · n=1902
Advanced Bot Lab4:16Middle 50%: 4:04–4:30 · n=1895
Advanced Metal Extractor5:29Middle 50%: 5:05–5:59 · n=1898

Played most by

Amrissa96games of this buildTheGeneraI70games of this buildAdeus57games of this buildEl_Turco55games of this buildKOT_44games of this build